 Dungeon Crawl Stone Soup version 0.19-a0-1493-gd0fcaa6 (webtiles) character file.

74412 DungeonMaster the Blocker (level 15, -13/84 HPs)
             Began as a Deep Elf Hunter on Sept 8, 2016.
             Was an Initiate of Gozag.
             Killed by divine providence
             ... invoked by a meliai
              (14 damage)
             ... on level 13 of the Dungeon on Sept 9, 2016.
             The game lasted 02:54:30 (31710 turns).

DungeonMaster the Blocker (Deep Elf Hunter)        Turns: 31710, Time: 02:54:31

Health: -13/84     AC: 21    Str: 16    XL:     15   Next: 6%
Magic:  0/27       EV: 22    Int: 19    God:    Gozag
Gold:   2582       SH: 19    Dex: 18    Spells: 4 memorised, 17 levels left

rFire  + . .     SeeInvis +     w - +11 hand crossbow of Aledduro {penet, +Fly rPois Dex+2}
rCold  + . .     Gourm    .     L - +3 ring mail "Zidegog" {+Blink rF+ Slay+3}
rNeg   . . .     Faith    .     T - +5 shield
rPois  +         Spirit   +     p - +2 helmet {SInv}
rElec  +         Dismiss  .     q - +1 cloak of Starlight {rElec rC+ EV+4 Stlth--}
rCorr  .         Reflect  .     N - +0 pair of gloves of Free Will {Str+4}
MR     +....     Harm     .     U - +0 pair of boots
Stlth  ..........               O - amulet of guardian spirit
                                h - +4 ring of protection
                                y - +2 ring of slaying

@: about to teleport, gold aura, very slightly contaminated
A: poison resistance
a: Potion Petition, Call Merchant, Bribe Branch, Renounce Religion, Evoke Blink,
Evoke Flight


You were on level 13 of the Dungeon.
You worshipped Gozag.
Gozag was most pleased with you.
You were very full.

You visited 4 branches of the dungeon, and saw 22 of its levels.
You also visited: Labyrinth, Sewer and Bailey.

You collected 13412 gold pieces.
You spent 6801 gold pieces at shops.
You paid 4029 gold pieces to Gozag.

Inventory:

Hand Weapons
 a - the +5 rapier of Cowardice {freeze, rF++ Str+4 Dex+3}
   (You found it on level 7 of the Dungeon)

   It has been specially enchanted to freeze those struck by it, causing extra
   injury to most foes and up to half again as much damage against particularly
   susceptible opponents.
   It can also slow down cold-blooded creatures.
   It affects your strength (+4).
   It affects your dexterity (+3).
   It greatly protects you from fire.
 e - a +0 blowgun
 s - a +4 hand axe of venom
 w - the +11 hand crossbow of Aledduro (weapon) {penet, +Fly rPois Dex+2}
   (You found it on level 2 of the Lair of Beasts)

   Ammo fired by it will pass through the targets it hits, potentially hitting
   all targets in its path until it reaches maximum range.
   It affects your dexterity (+2).
   It protects you from poison.
   It lets you fly.
 C - a +0 quick blade
Missiles
 b - 2 needles of sleeping
 c - 2 throwing nets
 o - 5 curare-tipped needles
 R - 20 poisoned needles
 V - 157 bolts (quivered)
Armour
 p - a +2 helmet of see invisible (worn)
 q - the +1 cloak of Starlight (worn) {rElec rC+ EV+4 Stlth--}
   (You bought it in a shop on level 9 of the Dungeon)

   It affects your evasion (+4).
   It protects you from cold.
   It insulates you from electricity.
   It makes you much less stealthy.
 L - the +3 ring mail "Zidegog" (worn) {+Blink rF+ Slay+3}
   (You bought it in a shop on level 9 of the Dungeon)

   It affects your accuracy and damage with ranged weapons and melee attacks
   (+3).
   It protects you from fire.
   It lets you blink.
 N - the +0 pair of gloves of Free Will (worn) {Str+4}
   (You found it on level 10 of the Dungeon)

   It affects your strength (+4).
 T - a +5 shield (worn)
 U - a +0 pair of boots (worn)
 Z - the +1 leather armour of the Stallion {Regen+ Int+4 Stlth+}
   (You found it in a labyrinth)

   It affects your intelligence (+4).
   It increases your rate of regeneration.
   It makes you more stealthy.
Jewellery
 h - a +4 ring of protection (right hand)
 m - an uncursed ring of flight
 y - a +2 ring of slaying (left hand)
 M - an uncursed ring of positive energy
 O - an amulet of guardian spirit (around neck)
Wands
 i - a wand of paralysis (9/24)
 k - a wand of digging (9/24)
 v - a wand of disintegration (1/24)
 z - a wand of lightning (7/15)
 A - a wand of iceblast (1/15)
 K - a wand of paralysis (1/24)
Scrolls
 g - a scroll of enchant armour
 n - 3 scrolls of remove curse
 B - a scroll of recharging
 E - 2 scrolls of holy word
 F - 5 scrolls of magic mapping
 G - a scroll of summoning
 I - 5 scrolls of teleportation
 P - 3 scrolls of amnesia
 S - 2 scrolls of fog
Potions
 d - a potion of agility
 j - a potion of berserk rage
 l - 3 potions of brilliance
 r - 16 potions of curing
 t - 2 potions of magic
 x - a potion of ambrosia
 H - 7 potions of lignification
 J - 3 potions of haste
 Q - 2 potions of resistance
 Y - a potion of cure mutation
Miscellaneous
 u - a phial of floods (inert)
Comestibles
 f - 7 bread rations
 X - 5 fruits


   Skills:
 - Level 6.4 Fighting
 - Level 5.8 Short Blades
   Level 5.0 Slings
 - Level 10.2 Crossbows
 - Level 7.3 Armour
 - Level 9.9 Dodging
 - Level 1.2 Stealth
 * Level 14.7 Shields
 - Level 6.7 Spellcasting
 - Level 5.1 Hexes
 - Level 1.9 Translocations


You had 17 spell levels left.
You knew the following spells:

 Your Spells              Type           Power        Failure   Level  Hunger
a - Apportation           Tloc           ##........   10%         1    None
b - Cause Fear            Hex            ####......   24%         4    ####...
c - Regeneration          Chrm/Necr      #.........   63%         3    ##.....
d - Repel Missiles        Chrm/Air       #.....       30%         2    None


Dungeon Overview and Level Annotations

Branches:
Dungeon (13/15)            Temple (1/1) D:5            Lair (6/6) D:9
 Shoals (0/4) Lair:2        Snake (0/4) Lair:3        Slime (0/5) Lair:5
    Orc (2/2) D:9             Elf (0/3) Orc:2
 Vaults: D:13-14

Altars:
Ashenzari
Cheibriados
Dithmenos
Elyvilon
Fedhas
Gozag
Hepliaklqana
Kikubaaqudgha
Makhleb
Nemelex Xobeh
Okawaru
Qazlal
Ru
Sif Muna
Trog
Uskayaw
Vehumet
Xom
Yredelemnul
Zin
The Shining One
Beogh
Jiyva

Shops:
D:6 ?   D:9 ([(==*   Orc:2 [([?*

Annotations:
D:3 Tux's ghost, amateur VSTm
Lair:5 1 runed door


Innate Abilities, Weirdness & Mutations

Your system is resistant to poisons. (rPois)


Message History

Unknown command.
As you read the scroll of summoning, it crumbles to dust.
Wisps of shadow whirl around you...
You swap places.
The meliai barely misses your centaur warrior.
The meliai stings your centaur warrior!
The meliai barely misses your centaur warrior.
The meliai stings your centaur warrior but does no damage.
Your centaur warrior hits the meliai!
As you read the scroll of teleportation, it crumbles to dust.
You feel strangely unstable.
The meliai mumbles some strange prayers to its god against you.
Something smites you!
* * * LOW HITPOINT WARNING * * *
Your centaur warrior hits the meliai.
The meliai dies!
The meliai calls down the wrath of its god upon you.
Something smites you!
You die...
Your body crumbles into a pile of gold.

#..## ##Y.#
##.## #y.# ##$#
#c### #.x.#
###.### #@J.#
###.# # #.##
..### #..# ...##
##.### ...
##...######
#.####.........#
#..............#
######.<.......#


You could see a sky beast, a meliai, a friendly centaur warrior, a friendly
unseen horror (invisible) and a friendly jelly.

Vanquished Creatures
  Gastronok (D:10)
  An orc warlord (Orc:2)
  The ghost of st0uf the Blocker, a journeyman FoFi of Uskayaw (Orc:2)
  A minotaur (Lab)
  Harold (Orc:1)
  A fire dragon (Lair:6)
  7 hydras
  A queen ant (Lair:3)
  An orc high priest (Orc:2)
  Nergalle (D:10)
  Sonja (Lair:2)
  A fire crab (Lair:5)
  Pikel (D:6)
  A hill giant (D:11)
  4 orc knights
  A griffon (Lair:6)
  3 orc sorcerers (Orc:1)
  2 wolf spiders (Lair:6)
  2 sirens (Lair:2)
  8 elephants
  2 centaur zombies
  A guardian serpent (Lair:6)
  17 spiny frogs
  The ghost of Roxy the Arsonist, a novice DEFE (D:5)
  12 black mambas
  Joseph (D:10)
  6 rime drakes
  6 komodo dragons
  2 polar bears (Lair:5)
  2 merfolk (Lair:2)
  8 trolls
  3 two-headed ogres
  Grinder (D:3)
  12 blink frogs
  Sigmund (D:2)
  A shadow (Lab)
  3 redbacks
  A spriggan (D:7)
  9 wyverns (Lair:6)
  A wraith (D:11)
  30 yaks
  4 basilisks
  10 hippogriffs
  3 steam dragons (Lair:6)
  20 hungry ghosts
  2 vampire mosquitoes (D:13)
  A mottled dragon (Lair:6)
  5 wargs
  8 soldier ants (Lair:3)
  2 hell hounds (D:9)
  Duvessa (D:5)
  17 water moccasins
  15 porcupines
  4 wasps (Lair:6)
  5 sky beasts
  40 orc warriors
  4 ice beasts
  A slave (D:6)
  2 black bears
  A swamp drake (Lair:6)
  A necrophage (D:6)
  A phantom (D:5)
  12 ogres
  13 wolves
  8 crocodiles
  11 centaurs
  7 big kobolds
  2 gnoll sergeants
  19 giant frogs
  Dowan (D:5)
  A wyvern skeleton (D:7)
  5 scorpions
  16 killer bees
  2 electric eels (Lair:2)
  3 howler monkeys (D:11)
  7 crimson imps
  6 hounds
  3 jellies
  22 orc priests
  23 orc wizards
  2 centaur skeletons
  2 giant frog skeletons
  Jessica (D:2)
  12 iguanas
  39 worker ants
  4 hell rats (Lair:2)
  An ogre skeleton (Lab)
  A mummy (D:4)
  A hound zombie (D:8)
  3 hound skeletons
  12 gnolls
  31 adders
  47 river rats
  3 shadow imps
  2 oozes (D:2)
  An adder skeleton (D:5)
  3 worms
  3 dart slugs
  5 giant geckos
  93 orcs
  11 ball pythons
  5 giant cockroaches
  9 goblins
  10 hobgoblins
  8 jackals
  8 quokkas
  12 bats
  2 giant gecko skeletons (D:5)
  2 giant gecko zombies
  7 giant newts
  2 hobgoblin zombies (D:4)
  55 kobolds
  A kobold zombie (D:4)
  An orc zombie (D:4)
  24 rats
  A fungus (Lair:6)
  12 plants
904 creatures vanquished.

Vanquished Creatures (collateral kills)
  A meliai (D:13)
  2 orc warriors (D:9)
  2 big kobolds (D:9)
  3 gnoll sergeants (D:9)
  A gnoll (D:9)
  4 orcs (D:9)
13 creatures vanquished.

Vanquished Creatures (others)
  A black mamba (Lair:6)
  An orc warrior (D:9)
  An ogre (D:9)
  A worker ant (D:6)
  21 fungi
  18 plants
43 creatures vanquished.

Grand Total: 960 creatures vanquished

Notes
Turn   | Place    | Note
-------+----------+-------------------------------------------
     0 | D:1      | DungeonMaster the Deep Elf Hunter began the quest for the Orb.
     0 | D:1      | Reached XP level 1. HP: 12/12 MP: 3/3
   315 | D:1      | Reached XP level 2. HP: 16/16 MP: 4/4
   906 | D:1      | Reached XP level 3. HP: 16/20 MP: 5/5
  1456 | D:1      | Gained mutation: Your system is resistant to poisons. (rPois) [potion of beneficial mutation]
  1562 | D:2      | Noticed Jessica
  1567 | D:2      | Killed Jessica
  1567 | D:2      | Reached skill level 1 in Armour
  1681 | D:2      | Reached XP level 4. HP: 21/26 MP: 6/6
  1822 | D:2      | Noticed Sigmund
  1840 | D:2      | Killed Sigmund
  1840 | D:2      | Reached XP level 5. HP: 13/31 MP: 7/7
  2186 | D:2      | Reached XP level 6. HP: 36/36 MP: 8/8
  2505 | D:2      | Found a shattered altar of Ashenzari.
  2845 | D:3      | Noticed Tux's ghost (amateur VSTm)
  3158 | D:3      | Found a shadowy altar of Dithmenos.
  3407 | D:3      | Noticed Grinder
  3425 | D:3      | Killed Grinder
  3425 | D:3      | Reached skill level 5 in Dodging
  3425 | D:3      | Reached XP level 7. HP: 18/41 MP: 9/9
  4415 | D:4      | Reached skill level 5 in Slings
  4504 | D:4      | Found a glowing drain.
  4593 | Sewer    | Entered a sewer
  4784 | Sewer    | Reached skill level 1 in Shields
  5046 | Sewer    | Reached XP level 8. HP: 41/48 MP: 10/10
  5402 | Sewer    | Got a smoking robe
  5446 | Sewer    | Identified the +1 robe of the Gate {rC+ rCorr Slay+3 Stlth-} (You found it in a sewer)
  5902 | D:5      | Entered Level 5 of the Dungeon
  5942 | D:5      | Reached skill level 2 in Shields
  5972 | D:5      | Noticed Dowan
  5977 | D:5      | Noticed Duvessa
  5989 | D:5      | Killed Duvessa
  5993 | D:5      | Killed Dowan
  5993 | D:5      | Reached skill level 3 in Shields
  6168 | D:5      | Found a staircase to the Ecumenical Temple.
  6177 | Temple   | Entered the Ecumenical Temple
  6360 | D:5      | Noticed Roxy's ghost (novice DEFE)
  6394 | D:5      | Killed Roxy's ghost
  6394 | D:5      | Reached skill level 5 in Shields
  6675 | D:5      | Found a deep blue altar of Sif Muna.
  7256 | D:5      | Reached XP level 9. HP: 34/52 MP: 11/11
  7909 | D:5      | Reached skill level 5 in Fighting
  8096 | D:5      | Learned a level 1 spell: Apportation
  8449 | D:6      | Reached skill level 1 in Spellcasting
  8469 | D:6      | Found an opulent altar of Gozag.
  8476 | D:6      | Became a worshipper of Gozag Ym Sagoz the Greedy
  8564 | D:6      | Found Dacveg's Magic Scroll Emporium.
  8611 | D:6      | Bought a scroll of teleportation for 36 gold pieces
  8611 | D:6      | Bought a scroll of teleportation for 36 gold pieces
  8611 | D:6      | Bought a scroll of teleportation for 36 gold pieces
  8611 | D:6      | Bought a scroll of identify for 24 gold pieces
  8611 | D:6      | Bought a scroll of fog for 24 gold pieces
  8611 | D:6      | Bought a scroll of teleportation for 36 gold pieces
  8679 | D:6      | Learned a level 1 spell: Confusing Touch
  8816 | D:6      | Reached skill level 1 in Hexes
  8947 | D:6      | Found an iron altar of Okawaru.
  8976 | D:6      | Noticed Pikel
  8997 | D:6      | Killed Pikel
  9565 | D:7      | Reached XP level 10. HP: 22/59 MP: 14/19
 10126 | D:7      | Reached skill level 5 in Spellcasting
 10653 | D:7      | Reached skill level 5 in Hexes
 11297 | D:7      | Found a sparkling altar of Nemelex Xobeh.
 11299 | D:7      | Got an iridescent rapier
 11305 | D:7      | Identified the +5 rapier of Cowardice {freeze, rF++ Str+4 Dex+3} (You found it on level 7 of the Dungeon)
 11464 | D:7      | Reached skill level 1 in Translocations
 11518 | D:8      | Reached skill level 1 in Short Blades
 11948 | D:8      | Found a hide-covered altar of Uskayaw.
 12321 | D:7      | Reached skill level 6 in Shields
 12420 | D:6      | Bought a scroll of vulnerability for 90 gold pieces
 12420 | D:6      | Bought 2 scrolls of enchant weapon for 180 gold pieces
 12420 | D:6      | Bought 2 scrolls of enchant armour for 180 gold pieces
 12420 | D:6      | Bought a scroll of magic mapping for 42 gold pieces
 12558 | D:9      | Found a staircase to the Orcish Mines.
 12653 | D:9      | Killed an orc warrior
 12653 | D:9      | Reached skill level 7 in Shields
 12663 | D:9      | Reached XP level 11. HP: 33/66 MP: 19/23
 12951 | D:9      | Found a staircase to the Lair.
 13221 | D:9      | Found an ancient bone altar of Kikubaaqudgha.
 13223 | D:9      | Found a bloodstained altar of Trog.
 13263 | D:9      | Identified a scroll of acquirement
 13285 | D:9      | Bought a +4 ring of protection for 504 gold pieces
 13316 | D:9      | Found Aveth's Serpentskin Sales.
 13984 | D:9      | Reached skill level 8 in Shields
 14089 | Orc:1    | Entered Level 1 of the Orcish Mines
 14775 | Orc:1    | Noticed an orc knight
 14823 | Lair:1   | Entered Level 1 of the Lair of Beasts
 15382 | Lair:1   | Reached skill level 9 in Shields
 15873 | Lair:1   | Noticed a five-headed hydra
 15884 | Lair:1   | Killed a five-headed hydra
 15884 | Lair:1   | Reached skill level 5 in Short Blades
 16345 | Lair:2   | Reached skill level 10 in Shields
 16539 | Lair:2   | Reached XP level 12. HP: 60/71 MP: 20/24
 16573 | Lair:2   | Found a staircase to the Shoals.
 16597 | Lair:2   | Got a twisted hand crossbow
 16639 | Lair:2   | Identified the +11 hand crossbow of Aledduro {penet, +Fly rPois Dex+2} (You found it on level 2 of the Lair of Beasts)
 16743 | Lair:2   | Reached skill level 1 in Crossbows
 16744 | Lair:2   | Noticed Sonja
 16757 | Lair:2   | Killed Sonja
 17227 | Lair:2   | Learned a level 4 spell: Cause Fear
 17746 | Lair:3   | Reached skill level 11 in Shields
 18042 | Lair:3   | Found a staircase to the Snake Pit.
 18157 | Lair:3   | Reached skill level 5 in Crossbows
 18292 | Lair:3   | Noticed a five-headed hydra
 18298 | Lair:3   | Killed a five-headed hydra
 18855 | Lair:3   | Noticed a queen ant
 18879 | Lair:3   | Killed a queen ant
 19125 | Lair:4   | Noticed an eight-headed hydra
 19128 | Lair:4   | Noticed a five-headed hydra
 19131 | Lair:4   | Killed an eight-headed hydra
 19136 | Lair:4   | Killed a five-headed hydra
 19136 | Lair:4   | Reached XP level 13. HP: 47/75 MP: 15/25
 19800 | Lair:4   | Reached skill level 12 in Shields
 20771 | Lair:5   | Found a runed door.
 20773 | Lair:5   | Found a viscous altar of Jiyva.
 20774 | Lair:5   | Noticed an acid blob
 20778 | Lair:5   | Found a staircase to the Slime Pits.
 20778 | Lair:5   | Noticed an acid blob
 21051 | Lair:5   | Identified a +2 rod of inaccuracy (14/14) (You found it on level 5 of the Lair of Beasts)
 21475 | Lair:6   | Entered Level 6 of the Lair of Beasts
 22375 | Lair:6   | Reached skill level 13 in Shields
 22971 | Lair:6   | Reached XP level 14. HP: 72/80 MP: 26/26
 23240 | Lair:6   | Reached skill level 10 in Crossbows
 24489 | D:9      | Bought the +1 cloak of Starlight {rElec rC+ EV+4 Stlth--} for 1602 gold pieces
 24504 | D:9      | Learned a level 3 spell: Regeneration
 24506 | D:9      | Bought a runed helmet for 162 gold pieces
 24506 | D:9      | Bought a pair of runed gloves for 162 gold pieces
 24526 | D:9      | Upgraded the game from 0.19-a0-1490-g5dd3618 to 0.19-a0-1493-gd0fcaa6
 24526 | D:9      | Bought an ichor-stained broad axe for 315 gold pieces
 24526 | D:9      | Bought a pitted rapier for 315 gold pieces
 24527 | D:9      | Identified the +11 broad axe of Hant {vamp, rC+} (You bought it in a shop on level 9 of the Dungeon)
 24530 | D:9      | Identified the cursed +3 rapier "Yvvyghai" {freeze, rElec SInv} (You bought it in a shop on level 9 of the Dungeon)
 24532 | D:9      | Bought a sheer robe for 205 gold pieces
 24532 | D:9      | Bought a spiked ring mail for 324 gold pieces
 24532 | D:9      | Bought a distressingly furry ring mail for 324 gold pieces
 24543 | D:9      | Identified the cursed +0 robe of Kleptomania {Int+4} (You bought it in a shop on level 9 of the Dungeon)
 24556 | D:9      | Identified the +1 ring mail of Ufymim {rCorr Int+4 SInv} (You bought it in a shop on level 9 of the Dungeon)
 24566 | D:9      | Identified the +3 ring mail "Zidegog" {+Blink rF+ Slay+3} (You bought it in a shop on level 9 of the Dungeon)
 24792 | Orc:2    | Entered Level 2 of the Orcish Mines
 24792 | Orc:2    | Noticed st0uf's ghost (journeyman FoFi)
 25171 | Orc:2    | Killed st0uf's ghost
 25537 | Orc:2    | Found a roughly hewn altar of Beogh.
 25538 | Orc:2    | Found Vudisir's Magic Scroll Boutique.
 25580 | Orc:2    | Bought a scroll of recharging for 114 gold pieces
 25580 | Orc:2    | Bought a scroll of blinking for 90 gold pieces
 25580 | Orc:2    | Bought a scroll of holy word for 90 gold pieces
 25580 | Orc:2    | Bought a scroll of holy word for 90 gold pieces
 25580 | Orc:2    | Bought a scroll of teleportation for 36 gold pieces
 25580 | Orc:2    | Bought a scroll of teleportation for 36 gold pieces
 25580 | Orc:2    | Bought a scroll of summoning for 114 gold pieces
 25675 | Orc:1    | Noticed Harold
 25694 | Orc:1    | Killed Harold
 25963 | Orc:2    | Found a roughly hewn altar of Beogh.
 25987 | Orc:2    | Found Komug's Assorted Antiques.
 25993 | Orc:2    | Bought a leatherbound book for 465 gold pieces
 25993 | Orc:2    | Bought a runed copper wand for 124 gold pieces
 25993 | Orc:2    | Bought a scroll of fog for 62 gold pieces
 25993 | Orc:2    | Bought a potion of curing for 93 gold pieces
 25993 | Orc:2    | Bought a smoking mace for 248 gold pieces
 25994 | Orc:2    | Identified the cursed +1 mace of Mekid {speed, rN+ Int+7} (You bought it in a shop on level 2 of the Orcish Mines)
 26050 | Orc:2    | Found Fadghos's Antique Armour Shop.
 26066 | Orc:2    | Bought a shadowed robe for 148 gold pieces
 26066 | Orc:2    | Bought a pair of glowing gloves for 117 gold pieces
 26077 | Orc:2    | Identified the +5 robe "Potra" {MP+9 Int-4 Dex+2} (You bought it in a shop on level 2 of the Orcish Mines)
 26210 | Orc:2    | Found a roughly hewn altar of Beogh.
 26243 | Orc:2    | Found a staircase to the Elven Halls.
 26504 | Orc:2    | Reached skill level 5 in Armour
 27318 | Orc:2    | Noticed an orc warlord
 27339 | Orc:2    | Killed an orc warlord
 27339 | Orc:2    | Reached skill level 14 in Shields
 27590 | Orc:2    | Found Afrinkyri's Antique Armour Emporium.
 27591 | Orc:2    | Found a roughly hewn altar of Beogh.
 27595 | Orc:2    | Found Dopoydir's Antique Weapon Shoppe.
 27607 | Orc:2    | Bought a pair of glowing gloves for 121 gold pieces
 27607 | Orc:2    | Bought a bloodstained chain mail for 256 gold pieces
 27619 | Orc:2    | Identified the +12 chain mail of Valiance {rElec rC+ Slay-4} (You bought it in a shop on level 2 of the Orcish Mines)
 27732 | D:10     | Entered Level 10 of the Dungeon
 27738 | D:10     | Noticed Joseph
 27752 | D:10     | Killed Joseph
 27782 | D:10     | Got a pair of pitted gloves
 27807 | D:10     | Identified the +0 pair of gloves of Free Will {Str+4} (You found it on level 10 of the Dungeon)
 27897 | D:10     | Noticed Gastronok
 27904 | D:10     | Found a flagged portal.
 27914 | Bailey   | Entered a bailey
 28012 | Bailey   | Got a coiled amethyst amulet
 28157 | D:10     | Noticed Nergalle
 28163 | D:10     | Killed Gastronok
 28176 | D:10     | Killed Nergalle
 28267 | D:10     | Identified the amulet of Kussonin {Harm *Drain rF+ Str-5 Dex+5} (You found it in a bailey)
 28902 | D:11     | Learned a level 2 spell: Repel Missiles
 28917 | D:11     | Got a dazzling buckler
 28931 | D:11     | Identified the +1 buckler of Ennui {Str+3} (You found it on level 11 of the Dungeon)
 29026 | D:11     | Found a labyrinth entrance.
 29036 | Lab      | Entered a labyrinth
 29759 | Lab      | Got a bronze leather armour
 29783 | D:11     | Identified the +1 leather armour of the Stallion {Regen+ Int+4 Stlth+} (You found it in a labyrinth)
 30546 | D:12     | Reached XP level 15. HP: 84/84 MP: 25/27
 31305 | D:12     | Found an iron altar of Okawaru.
 31710 | D:13     | HP: 1/84 [meliai/divine providence (9)]
 31710 | D:13     | Killed from afar by a meliai

Vault maps used:
D:1:      dpeg_arrival_ternary, minmay_misc_feat_x
D:2:      ashenzari_altar_1, uniq_jessica, uniq_sigmund
D:3:      nicolae_dithmenos_through_a_glass_darkly, minmay_strange_pillars,
          uniq_grinder
D:4:      portal_sewer_entry_a, first_bread, roderic_roman_lattice,
          minmay_mini_ossuary
D:5:      overflow_temple_1_default, uniq_duvessa
D:6:      kennysheep_okawaru_gauntlet, grunt_gozag_statues, serial_shops, shop,
          grunt_decor_clamped, uniq_pikel
D:7:      hangedman_cross_stitches, nicolae_overflow_hidden_temple, the_bakery
D:8:      eat_drink_and_be_merry_uskayaw
D:9:      grunt_temple_overflow_open, minmay_lair_entry_lava,
          kennysheep_orc_monster_closet_entryway, guppyfry_shop_venom
D:10:     enter_bailey_3, uniq_gastronok, uniq_joseph, uniq_nergalle
D:11:     lab_entry_generic
D:12:     basic_altar
D:13:     erik_vaults_2
Temple:   minmay_temple_bridge_abc
Lair:2:   elwin_shoals_entry_stream, grunt_megastairs_3,
          infiniplex_staircase_pool, uniq_sonja
Lair:3:   guppyfry_snake_entry_island, zaba_antful_of_joy
Lair:5:   slime_altar_2, nicolae_quartered_pool_little
Lair:6:   guppyfry_lair_end_dragon, hangedman_lair_tendril_chambers
Orc:1:    uniq_harold
Orc:2:    grunt_orc_community_town_hall, grunt_orc_community_big_house_2,
          grunt_orc_community_big_house_1, grunt_orc_community_house_3,
          grunt_orc_community_house_1, grunt_orc_community_house_2,
          grunt_orc_community_house_3, serial_shops, shop
Lab:      labyrinth_watery, nicolae_lab_checkerboard, nicolae_lab_lava,
          labyrinth_glass_1, nicolae_lab_garden, nicolae_lab_arrow,
          nicolae_lab_statue, nicolae_lab_big_swirl, nicolae_lab_quarters,
          nicolae_lab_x, nicolae_lab_stuck, nicolae_lab_diamond,
          nicolae_lab_do_over, lab_fountain, nicolae_lab_flowing_pool,
          nicolae_lab_blocks
Sewer:    sewer_minmay_treatment
Bailey:   bailey_polearm_4, bailey

Skill      XL: |  1  2  3  4  5  6  7  8  9 10 11 12 13 14 |
---------------+-------------------------------------------+-----
Dodging        | 3 4 5 6 7 9 |  9.9
Armour         | 1 2 3 7 |  7.3
Fighting       | 2 3 4 6 |  6.4
Slings         | 4 5 |  5.0
Shields        | 1 5 7 10 11 13 14 | 14.7
Spellcasting   | 4 6 |  6.7
Hexes          | 4 5 |  5.1
Translocations | 1 |  1.9
Short Blades   | 1 5 |  5.8
Crossbows      | 6 9 10 | 10.2
Stealth        | |  1.2

Action                   |  1- 3 |  4- 6 |  7- 9 | 10-12 | 13-15 || total
-------------------------+-------+-------+-------+-------+-------++-------
Melee: Short sword       |    67 |       |       |       |       ||    67
       Dagger            |    16 |   159 |   507 |   188 |       ||   870
       Rapier            |       |       |       |   543 |   359 ||   902
       Hand axe          |       |       |       |    95 |   696 ||   791
       Trident           |       |       |       |     7 |    67 ||    74
 Fire: Hunting sling     |    33 |     9 |    42 |     7 |       ||    91
       Blowgun           |       |       |     8 |    10 |     9 ||    27
       Hand crossbow     |       |       |       |   123 |   324 ||   447
Throw: Javelin           |       |       |     4 |     4 |       ||     8
       Throwing net      |       |       |     1 |       |     1 ||     2
       Tomahawk          |       |       |     1 |       |       ||     1
 Cast: Apportation       |       |       |     5 |     2 |    28 ||    35
       Confusing Touch   |       |       |     2 |       |       ||     2
       Repel Missiles    |       |       |       |       |     1 ||     1
Invok: Call Merchant     |       |       |       |     1 |     4 ||     5
 Abil: Evoke Flight      |       |       |       |       |     1 ||     1
Evoke: Wand              |       |       |       |    21 |    19 ||    40
       Phial of floods   |       |       |       |       |     1 ||     1
  Use: Scroll            |     5 |     3 |     7 |    16 |    34 ||    65
       Potion            |     3 |     1 |     5 |     5 |     9 ||    23
 Stab: Sleeping          |       |     1 |       |       |       ||     1
       Invisible         |       |       |       |    13 |       ||    13
       Paralysed         |       |       |       |     5 |       ||     5
       Distracted        |       |       |       |     8 |     9 ||    17
       Held in net/web   |       |       |       |       |     3 ||     3
  Eat: Chunk             |     2 |     6 |    15 |       |       ||    23
       Beef jerky        |       |       |     1 |     2 |     3 ||     6
       Fruit             |       |       |     3 |       |     7 ||    10
       Pizza             |       |       |     2 |     2 |     1 ||     5
       Bread ration      |       |       |     1 |     3 |     6 ||    10
       Meat ration       |       |       |       |     2 |     4 ||     6
       Royal jelly       |       |       |       |     1 |     1 ||     2
Armor: Leather armour    |     2 |       |       |       |       ||     2
       Ring mail         |    52 |    50 |    57 |       |   138 ||   297
       Robe              |       |       |    28 |    91 |    33 ||   152
Dodge: Dodged            |    78 |    92 |   301 |   555 |   648 ||  1674
       Deflected         |       |       |       |       |     4 ||     4
Block: Buckler           |       |       |    99 |    80 |       ||   179
       Shield            |       |       |       |   544 |  1131 ||  1675
